Unix NetHack Version 3.7.0-88 Work-in-progress - last build Aug 6 2023 13:40:22 (5c9c4c7fffe0d5f0a8b1342c2a36a56ed743986a,branch:master). Game began 2023-08-19 13:19:20, ended 2023-08-19 13:57:21. MargeBouvier, chaotic female elven Wizard -------- .......| ----- |......| |...| #)...)..| -...| #####-------- ---...| # j....| ## -@..| ## |...| ###)# |...| ### |...|#### |....# # . |@..| )-...| 0.|...| ( |..)| -- -...| .)..| ------ MargeBouvier the Thaumaturge St:14 Dx:15 Co:14 In:18 Wi:9 Ch:10 Chaotic Dlvl:6 $:3116 HP:0(46) Pw:45(74) AC:9 Exp:6 T:5864 FoodPois Burdened Latest messages: You can see again. You swap places with Scrag-Bag. You attack thin air. The pony picks up a thonged club. Wizard needs food, badly! A gush of water hits the pony's left foreleg! You fall down the stairs. There is a staircase up to level 5 here. You see here 2 crossbow bolts. Your knapsack cannot accommodate any more items. # What do you want to eat? [qz or ?*] This lichen corpse tastes okay. You finish eating the lichen corpse. You have a little trouble lifting q - a crossbow. The pony is confused from hunger. You hear some noises in the distance. The goblin wields a crude dagger! You kill the goblin! You see here a crude dagger. You see here a rothe corpse. You hear a jackal howling at the moon. What do you want to use or apply? [cl-nstAJY or ?*] You are now wearing a blindfold. You can't see any more. Pick an object. d a dog or other canine (werejackal) [seen: telepathy] There is a rothe corpse here; eat it? [ynq] (n) Ulch - that meat was tainted! You feel deathly sick. (It must have died too long ago to be safe to eat.) # Are you sure you want to pray? [yn] (n) You begin praying to Anhur. You finish your prayer. You feel that Anhur is displeased. What do you want to use or apply? [cl-nstAJY or ?*] You were wearing a blindfold. You can see again. Your sickness feels worse. Pick an object. ) a weapon (a dagger) Your sickness is severe. You are at Death's door. You die from your illness. Do you want your possessions identified? [ynq] (y) Do you want to see your attributes? [ynq] (y) Do you want an account of creatures vanquished? [ynaq] (y) Do you want to see your conduct and achievements? [ynq] (y) Do you want to see the dungeon overview? [ynq] (y) Inventory: Coins $ - 3116 gold pieces Weapons q - a blessed +4 crossbow a - a blessed +1 quarterstaff named 3499 (weapon in hands) K - a +0 silver saber Armor X - a cursed -5 pair of low boots b - an uncursed +0 cloak of magic resistance (being worn) W - a blessed +0 dwarvish mithril-coat Comestibles z - 2 uncursed food rations Scrolls Q - a blessed scroll of amnesia T - an uncursed scroll of charging E - a blessed scroll of confuse monster H - an uncursed scroll of confuse monster j - an uncursed scroll of create monster k - an uncursed scroll of destroy armor L - a cursed scroll of destroy armor N - an uncursed scroll of earth F - an uncursed scroll of enchant armor R - a cursed scroll of enchant armor C - an uncursed scroll of gold detection B - 3 uncursed scrolls of identify D - a cursed scroll of identify G - an uncursed scroll of magic mapping U - a cursed scroll of magic mapping i - an uncursed scroll of remove curse I - 2 uncursed scrolls of scare monster S - a blessed scroll of teleportation V - 4 uncursed scrolls of teleportation Spellbooks l - a blessed spellbook of force bolt A - an uncursed spellbook of invisibility m - an uncursed spellbook of sleep Potions h - an uncursed potion of blindness v - a cursed potion of booze w - an uncursed potion of confusion Z - an uncursed potion of hallucination g - an uncursed potion of monster detection O - an uncursed potion of monster detection f - an uncursed potion of paralysis Rings e - an uncursed ring of cold resistance (on right hand) d - an uncursed ring of shock resistance (on left hand) Wands c - a wand of cancellation (0:8) Y - a wand of magic missile (0:7) Tools s - an uncursed wooden flute n - an uncursed blindfold t - an uncursed blindfold J - a tinning kit (0:75) Gems/Stones P - an uncursed diamond y - 2 uncursed jacinth stones x - an uncursed topaz stone p - an uncursed worthless piece of black glass u - an uncursed worthless piece of green glass r - 2 uncursed worthless pieces of orange glass o - an uncursed worthless piece of violet glass M - 2 uncursed worthless pieces of yellow glass MargeBouvier the Wizard's attributes: Background: You were a Thaumaturge, a level 6 female elven Wizard. You were chaotic, on a mission for Anhur who was opposed by Ptah (lawful) and Thoth (neutral). You were in the Gnomish Mines, on level 6. You entered the dungeon 5864 turns ago. You had 423 experience points, 217 more were needed to attain level 7. Basics: You had 0 out of 46 hit points. You had 45 out of 74 energy points (spell power). Your armor class was 9. Your wallet contained 3116 zorkmids. Autopickup was off. Final Characteristics: Your strength was 14 (limit:18). Your dexterity was 15 (limit:18). Your constitution was 14 (limit:16). Your intelligence was 18 (limit:20). Your wisdom was 9 (limit:20). Your charisma was 10 (limit:18). Final Status: You died from food poisoning. You were not hungry. You were burdened; movement was slightly slowed. You were wielding a quarterstaff. You had basic skill with quarterstaff and could have enhanced that. Final Attributes: You were piously aligned. You were magic-protected. You were cold resistant. Your items were protected from cold. You were sleep resistant. You were shock resistant. Your items were protected from electric shocks. You were telepathic. You had infravision. You were warded. You were unlucky. You are dead. Miscellaneous: You encountered 1 bones level. Total elapsed playing time was 38 minutes. Major events: Turn 1: MargeBouvier the chaotic female elven Wizard entered the dungeon 1279: attained the rank of Conjurer (level 3) 2332: entered the Gnomish Mines 5409: attained the rank of Thaumaturge (level 6) 5857: reached Mine Town 5864: poisoned by a rotted rothe corpse Vanquished creatures: a pony a shrieker 3 gnome leaders 4 elf zombies 4 floating eyes 2 dwarves a homunculus 2 kobold leaders a kobold shaman 3 rothes 2 rabid rats 2 giant bats 2 orc zombies 2 wererats 4 iguanas an acid blob 2 coyotes a hobbit a large kobold a hobgoblin 3 cave spiders a brown mold 2 yellow molds 16 gnomes 2 garter snakes a gnome zombie 8 geckos 8 jackals 2 foxes a kobold 3 goblins 6 sewer rats 4 grid bugs 2 bats 5 lichens a kobold zombie 3 newts 108 creatures vanquished. No species were genocided or became extinct. Voluntary challenges: You read items or engraved 6 times. You engraved Elbereth 3 times. You never genocided any monsters. You never polymorphed an object. You used no wishes. Achievements: You attained the rank of Conjurer. You entered a shop. You entered the Gnomish Mines. You attained the rank of Thaumaturge. You entered Minetown. The Dungeons of Doom: levels 1 to 5 Level 1: Some fountains. Level 2: A fountain. Level 3: A scroll shop, a sink. Stairs down to The Gnomish Mines. Level 4: A fountain. Level 5: The Gnomish Mines: levels 4 to 6 Level 4: Level 5: Level 6: <- You were here. A grave. Final resting place for you, poisoned by a rotted rothe corpse, enid01-Ran-Orc-Fem-Cha, killed by a wand, while praying, enid01-Wiz-Elf-Fem-Cha, killed by an Uruk-hai, foobie2-Val-Dwa-Fem-Law, killed by a giant beetle, while praying. Game over: ---------- / \ / REST \ / IN \ / PEACE \ / \ | MargeBouvier | | 3116 Au | | poisoned by a | | rotted rothe | | corpse | | | | 2023 | *| * * * | * _________)/\\_//(\/(/\)/\//\/|_)_______ Goodbye MargeBouvier the Wizard... You were poisoned in The Gnomish Mines on dungeon level 6 with 4757 points, and 3116 pieces of gold, after 5864 moves. You were level 6 with a maximum of 46 hit points when you were poisoned.